 Dungeon Crawl Stone Soup version 0.19.5 (webtiles) character file.

800 strmesko the Thaumaturge (level 7, 0/37 HPs)
             Began as a Deep Elf Enchanter on Apr 8, 2017.
             Was a Follower of Sif Muna.
             Shot with an arrow by a centaur (15 damage)
             ... on level 5 of the Dungeon.
             The game lasted 00:40:22 (6465 turns).

strmesko the Thaumaturge (Deep Elf Enchanter)       Turns: 6465, Time: 00:40:23

Health: 0/37       AC:  6    Str:  4 (5)  XL:     7   Next: 59%
Magic:  21/21      EV: 13    Int: 25      God:    Sif Muna [*.....]
Gold:   311        SH:  0    Dex: 17 (18) Spells: 10 memorised, 2 levels left

rFire  . . .     SeeInvis .     v - +0 trident (venom)
rCold  . . .     Gourm    .     b - +1 robe
rNeg   . . .     Faith    .     (no shield)
rPois  .         Spirit   .     n - +2 helmet {Int+3}
rElec  .         Reflect  .     (no cloak)
rCorr  .         Harm     .     (no gloves)
MR     .....                    (no boots)
Stlth  +++.......               (no amulet)
                                (no ring)
                                k - +3 ring of dexterity

@: marked
A: no striking features
a: Divine Energy, Renounce Religion


You were on level 5 of the Dungeon.
You worshipped Sif Muna.
Sif Muna was aware of your devotion.
You were not hungry.

You visited 2 branches of the dungeon, and saw 8 of its levels.

You collected 311 gold pieces.

Inventory:

Hand Weapons
 a - a +1 dagger
 v - a +0 trident of venom (weapon)
Armour
 b - a +1 robe (worn)
 n - a +2 helmet of intelligence (worn)
Jewellery
 k - a +3 ring of dexterity (left hand)
Wands
 t - a wand of random effects (21/48)
 x - a wand of polymorph (11/24)
 y - a wand of slowing (18/48)
 C - a wand of digging (19/24)
Scrolls
 e - a scroll of enchant armour
 g - 2 scrolls of magic mapping
 j - a scroll of amnesia
 l - a scroll of noise
 m - 11 scrolls of identify
 p - 2 scrolls of teleportation {unknown}
 q - 4 scrolls of remove curse
 A - a scroll of enchant weapon {unknown}
 D - a scroll of fog {unknown}
Potions
 c - a potion of might
 h - 2 potions of agility
 o - a potion of cure mutation {unknown}
 r - a potion of curing {unknown}
 s - a potion of haste
 w - a potion of ambrosia {unknown}
 B - a potion of flight
Books
 u - a book of Minor Magic

   Spells                             Type                      Level
   a - Magic Dart                     Conjuration                  1
   b - Blink                          Translocation                2
   c - Call Imp                       Summoning                    2
   d - Repel Missiles                 Charms/Air                   2
   e - Slow                           Hexes                        2
   f - Conjure Flame                  Conjuration/Fire             3
   g - Mephitic Cloud                 Conjuration/Poison/Air       3
Comestibles
 d - 6 bread rations
 f - 3 beef jerkies
 i - 3 meat rations
 z - a royal jelly


   Skills:
 * Level 0.4 Fighting
 - Level 1.0 Short Blades
 - Level 2.4 Dodging
 - Level 3.6 Stealth
 * Level 9.4 Spellcasting
 - Level 7.3 Hexes
 - Level 0.4 Charms
 - Level 1.2 Ice Magic


You had 2 spell levels left.
You knew the following spells:

 Your Spells              Type           Power        Failure   Level  Hunger
a - Corona                Hex            #####..      1%          1    None
b - Ensorcelled Hibernat  Hex/Ice        ####..       1%          2    None
c - Confuse               Hex            #####...     1%          3    None
d - Tukima's Dance        Hex            #####...     1%          3    None
e - Dazzling Spray        Conj/Hex       ####..       3%          3    None
f - Slow                  Hex            #####...     1%          2    None
g - Magic Dart            Conj           ##..         8%          1    None
h - Blink                 Tloc           N/A          10%         2    None
i - Repel Missiles        Chrm/Air       ##....       10%         2    None
j - Conjure Flame         Conj/Fire      ##......     17%         3    None


Dungeon Overview and Level Annotations

Branches:
Dungeon (7/15)             Temple (1/1) D:4

Altars:
Ashenzari
Cheibriados
Dithmenos
Fedhas
Hepliaklqana
Kikubaaqudgha
Sif Muna
Trog
Vehumet
Xom
Yredelemnul
Zin
The Shining One

Annotations:
D:3 exclusion: oklob plant


Message History

The alarm trap emits a blaring wail!
A sentinel's mark forms upon you.
You hear a shout!
You hear an angry hiss.
You hear a shout!
Magic restored.
A centaur comes into view.
The centaur wields a shortbow.
The centaur shoots an arrow.
The arrow hits you.
You see here an arrow.
Casting: Conjure Flame
Confirm with . or Enter, or press ? or * to list all spells.
Okay, then.
The centaur shoots an arrow.
The arrow is repelled.
You feel less protected from missiles.
You see here an arrow.
The centaur shoots an arrow.
The arrow barely misses you.
You see here an arrow.
The centaur shoots an arrow.
The arrow hits you!
The centaur shoots an arrow.
The arrow hits you.
You see here an arrow.
The centaur shoots an arrow.
The arrow hits you!
You die...

##.....#
##..#
#......##
#..##
#.......##
##..#######
#..####c.##
##.......###
#.. ##(.#
##.........
#. ##.##
########## #
##.## ##(##
##@### ##(.#
####


You could see a centaur.

Vanquished Creatures
  Duvessa (D:4)
  A sky beast (D:5)
  A centaur (D:5)
  An ogre (D:6)
  A crimson imp (D:5)
  A bullfrog zombie (D:5)
  A bullfrog skeleton (D:5)
  A hound (D:4)
  An orc priest (D:3)
  3 orc wizards
  A worker ant (D:5)
  16 adders
  2 shadow imps
  2 oozes
  3 worms
  A dart slug (D:1)
  A leopard gecko (D:3)
  13 orcs
  3 giant cockroaches
  6 goblins
  8 hobgoblins
  4 quokkas
  3 ball pythons (D:2)
  13 bats
  2 frilled lizards (D:4)
  9 kobolds
  13 rats
112 creatures vanquished.

Vanquished Creatures (collateral kills)
  An orc (D:4)
1 creature vanquished.

Vanquished Creatures (others)
  Dowan (D:4)
  A worker ant (D:4)
  A goblin (D:4)
3 creatures vanquished.

Grand Total: 116 creatures vanquished

Notes
Turn   | Place    | Note
-------+----------+-------------------------------------------
     0 | D:1      | strmesko the Deep Elf Enchanter began the quest for the Orb.
     0 | D:1      | Reached XP level 1. HP: 10/10 MP: 6/6
   554 | D:1      | Reached XP level 2. HP: 15/15 MP: 6/8
   558 | D:1      | Learned a level 2 spell: Ensorcelled Hibernation
   958 | D:1      | Reached skill level 4 in Spellcasting
  1264 | D:2      | Reached XP level 3. HP: 13/19 MP: 0/10
  1586 | D:2      | Reached skill level 1 in Ice Magic
  1671 | D:2      | Found a basalt altar of Yredelemnul.
  1683 | D:2      | Found a shattered altar of Ashenzari.
  1802 | D:2      | Found a blossoming altar of Fedhas.
  1887 | D:2      | Reached skill level 5 in Hexes
  1887 | D:2      | Reached XP level 4. HP: 24/24 MP: 7/12
  2020 | D:2      | Reached XP level 5. HP: 28/28 MP: 9/13
  2091 | D:2      | Found a shimmering altar of Xom.
  2243 | D:2      | Found a glowing silver altar of Zin.
  2243 | D:2      | Found a bloodstained altar of Trog.
  2264 | D:2      | Learned a level 3 spell: Confuse
  2268 | D:2      | Learned a level 3 spell: Tukima's Dance
  2272 | D:2      | Learned a level 3 spell: Dazzling Spray
  2623 | D:3      | Found a blossoming altar of Fedhas.
  2650 | D:3      | Noticed an oklob plant
  2764 | D:3      | Reached skill level 5 in Spellcasting
  3063 | D:3      | Reached XP level 6. HP: 31/32 MP: 11/16
  4206 | D:4      | Killed Dowan
  4305 | D:4      | Noticed Duvessa
  4312 | D:4      | Found a staircase to the Ecumenical Temple.
  4326 | D:4      | Killed Duvessa
  4326 | D:4      | Reached skill level 6 in Spellcasting
  4339 | Temple   | Entered the Ecumenical Temple
  4348 | Temple   | Became a worshipper of Sif Muna the Loreminder
  4764 | D:4      | You fall through a shaft for 3 floors!
  4792 | D:7      | Found a shadowy altar of Dithmenos.
  4806 | D:6      | Reached skill level 7 in Spellcasting
  4990 | D:6      | Learned a level 2 spell: Slow
  4992 | D:6      | Learned a level 1 spell: Magic Dart
  4995 | D:6      | Learned a level 2 spell: Blink
  5004 | D:5      | Entered Level 5 of the Dungeon
  5242 | D:4      | Reached XP level 7. HP: 36/36 MP: 20/20
  5246 | D:4      | Learned a level 2 spell: Repel Missiles
  5530 | D:4      | Reached skill level 8 in Spellcasting
  5931 | D:5      | Reached * piety under Sif Muna
  5931 | D:5      | Reached skill level 9 in Spellcasting
  6399 | D:5      | Learned a level 3 spell: Conjure Flame
  6465 | D:5      | Shot with an arrow by a centaur

Skill      XL: |  1  2  3  4  5  6  7 |
---------------+----------------------+-----
Spellcasting   | 4 5 7 9 |  9.4
Ice Magic      | 1 |  1.2
Hexes          | 5 6 7 |  7.3
Fighting       | |  0.4
Short Blades   | |  1.0
Dodging        | |  2.4
Stealth        | |  3.6
Charms         | |  0.4

Action                   |  1- 3 |  4- 6 |  7- 9 || total
-------------------------+-------+-------+-------++-------
Melee: Dagger            |    73 |    48 |     5 ||   126
       Short sword       |       |    70 |       ||    70
       Trident           |       |    31 |    46 ||    77
 Cast: Corona            |     9 |     5 |       ||    14
       Ensorcelled Hiber |    30 |    43 |     7 ||    80
       Confuse           |       |    13 |     8 ||    21
       Magic Dart        |       |     3 |     6 ||     9
       Tukima's Dance    |       |     1 |       ||     1
       Blink             |       |       |     5 ||     5
       Conjure Flame     |       |       |     1 ||     1
       Repel Missiles    |       |       |     1 ||     1
  Use: Potion            |     1 |     4 |     1 ||     6
       Scroll            |       |     6 |       ||     6
 Stab: Sleeping          |    26 |    36 |     2 ||    64
       Confused          |       |    14 |     6 ||    20
  Eat: Chunk             |     3 |    11 |     2 ||    16
       Bread ration      |       |       |     1 ||     1
Armor: Robe              |    26 |    30 |    11 ||    67
Dodge: Dodged            |    65 |    70 |    31 ||   166
       Deflected         |       |       |     1 ||     1
